 Dungeon Crawl Stone Soup version 0.28-b1-1-g3c77fb2ed1 (webtiles) character file.

Game seed: 15976232390366925837

58 hawla the Conjurer (level 3, -1/20 HPs)
             Began as a Deep Elf Conjurer on Jan 31, 2022.
             Slain by Crazy Yiuf (7 damage)
             ... on level 2 of the Dungeon.
             The game lasted 00:05:23 (2490 turns).

hawla the Conjurer (Deep Elf Conjurer)              Turns: 2490, Time: 00:05:24

Health: -1/20      AC:  3    Str:  6    XL:     3   Next: 75%
Magic:  0/9        EV: 12    Int: 22    God:
Gold:   126        SH:  0    Dex: 13    Spells: 5/8 levels left

rFire   . . .      SeeInvis .   c - +0 short sword (drain)
rCold   . . .      Faith    .   (no shield)
rNeg    . . .      Spirit   .   a - +0 robe
rPois   .          Reflect  .   (no helmet)
rElec   .          Harm     .   (no cloak)
rCorr   .          Rampage  .   h - +0 pair of gloves
Will    .....                   (no boots)
Stlth   +.........              (no amulet)
HPRegen 0.06/turn               (no ring)
MPRegen 0.11/turn               (no ring)

@: silenced
A: no striking features
a: no special abilities


You were on level 2 of the Dungeon.
You visited 1 branch of the dungeon, and saw 2 of its levels.

You collected 126 gold pieces.

Inventory:

Hand Weapons
 c - a +0 short sword of draining (weapon)
Armour
 a - a +0 robe (worn)
 h - a +0 pair of gloves (worn)
Scrolls
 b - 2 scrolls of identify
Potions
 d - a potion of resistance
 f - a potion of curing


   Skills:
 + Level 0.5 Fighting
 + Level 2.8 Dodging
 + Level 2.8 Stealth
 + Level 3.2 Spellcasting
 + Level 4.6 Conjurations
 - Level 1.0 Necromancy
 + Level 0.9 Translocations
 - Level 1.0 Fire Magic
 - Level 1.0 Earth Magic
 - Level 1.0 Evocations


You had 5 spell levels left.
You knew the following spells:

 Your Spells              Type           Power      Damage    Failure   Level
a - Magic Dart            Conj           92%        1d7       1%          1
b - Searing Ray           Conj           46%        2d6       2%          2

Your spell library contained the following spells:

 Spells                   Type           Power      Damage    Failure   Level
 Dazzling Flash           Conj/Hex       26%        N/A       14%         3
 Iskenderun's Mystic Bla  Conj/Tloc      15%        2d5       36%         4
 Fulminant Prism          Conj/Hex       6%         3d7       43%         4


Dungeon Overview and Level Annotations

Branches:
Dungeon (2/15)

Altars:

Annotations:
D:2 Crazy Yiuf


Message History

(Press . to maintain the ray.) Training target 1.0 for Fire Magic reached!
Your Fire Magic skill increases to level 1!
The searing ray hits the quokka.
The quokka is almost dead.
The searing ray hits the quokka.
You kill the quokka!
You see here a quokka corpse.
You see here a +0 hunting sling.
You see here a +0 short sword.
Crazy Yiuf shouts!
Crazy Yiuf grits, "Lay verde pontify!"
You open the door.
Crazy Yiuf grits, "Whiteboard wrapper noodlescoop!"
Casting: Searing Ray (safe; 2% risk of failure)
Confirm with . or Enter, or press ? or * to list all spells.
Aiming: Searing Ray (safe; 2% risk of failure)
Press: ? - help, Shift-Dir - straight line, f - Crazy Yiuf
Aim: Crazy Yiuf, wielding a +3 quarterstaff of chaos and wearing a +0 cloak (81% to hit)
The searing ray misses Crazy Yiuf. (Press . to maintain the ray.)
The searing ray hits Crazy Yiuf!
Crazy Yiuf is moderately wounded.
Crazy Yiuf hits you with a +3 quarterstaff of chaos!
Ouch! That really hurt!
You feel your power leaking away.
It was a potion of curing.
You feel better. Crazy Yiuf barely misses you.
Casting: Searing Ray (safe; 2% risk of failure)
Confirm with . or Enter, or press ? or * to list all spells.
You don't have enough magic to cast this spell.
This is a scroll of acquirement!
Something appears at your feet!
Crazy Yiuf flaps his cloak.
Crazy Yiuf hits you with a +3 quarterstaff of chaos!
Ouch! That really hurt!
* * * LOW HITPOINT WARNING * * *
As you read the scroll labelled VUBBYI HINIOSH, it crumbles to dust.
A profound silence engulfs you.
It was a scroll of silence.
Crazy Yiuf hits you with a +3 quarterstaff of chaos!
You die...

#......
#.#####
#####
#####.# #
#..)#
#<.##.# ###
#...#
##.##.# #..
### ...
##.##.# #.#
#.# #'#
#.....###..
#.# ##g#
#..........
#.# #@##
##.#######.
#†# ##.# #.#
#. #####.#
#.## #.# #.
#....>#
##.## #†# #.
#.###.#
#..P## #.#
#. #.# ###
#...P# #.#
#. #.#
#....# #.#
#. #.#
##..####
#.#######.
#.#
#####......#
#.........


You could see Crazy Yiuf.

Vanquished Creatures
  An adder (D:2)
  A worm (D:2)
  A dart slug (D:1)
  3 ball pythons (D:1)
  5 endoplasms
  A giant cockroach (D:1)
  8 hobgoblins
  3 quokkas
  3 bats
  3 frilled lizards (D:2)
  2 goblins (D:1)
  4 kobolds
  5 rats
40 creatures vanquished.

Notes
Turn   | Place    | Note
-------+----------+-------------------------------------------
     0 | D:1      | hawla the Deep Elf Conjurer began the quest for the Orb.
     0 | D:1      | Reached XP level 1. HP: 10/10 MP: 6/6
   292 | D:1      | Reached XP level 2. HP: 11/15 MP: 1/8
   307 | D:1      | Learned a level 2 spell: Searing Ray
   876 | D:1      | Found a faded altar of an unknown god.
  1144 | D:1      | Reached skill level 1 in Earth Magic
  1256 | D:1      | Reached XP level 3. HP: 19/19 MP: 5/9
  1635 | D:2      | Reached skill level 1 in Necromancy
  1724 | D:2      | Reached skill level 1 in Evocations
  2096 | D:2      | Found a runed translucent door.
  2097 | D:2      | Noticed Crazy Yiuf
  2240 | D:2      | Reached skill level 1 in Fire Magic
  2489 | D:2      | Identified a scroll of acquirement
  2489 | D:2      | Acquired the ring of the Prince of Darkness {Wiz Str+7}
  2490 | D:2      | Slain by Crazy Yiuf

Illustrated notes

Levels and vault maps discovered:
D:1:      dpeg_arrival_simpleton_a, layout_loops_ring,
          shapermc_ecumenical_altar_hornbeckon
D:2:      layout_loops_ring, uniq_crazy_yiuf_cottage

Skill      XL: |  1  2  3 |
---------------+----------+-----
Earth Magic    | 1 |  1.0
Necromancy     | 1 |  1.0
Evocations     | 1 |  1.0
Fire Magic     | 1 |  1.0
Fighting       | |  0.5
Dodging        | |  2.8
Stealth        | |  2.8
Spellcasting   | |  3.2
Conjurations   | |  4.6
Translocations | |  0.9

Action                   || total
-------------------------++-------
Melee: Short sword       ||     3
 Cast: Magic Dart        ||    44
       Searing Ray       ||    22
  Use: Scroll            ||     3
       Potion            ||     1
Armor: Robe              ||     5
Dodge: Dodged            ||     2
